 Dungeon Crawl Stone Soup version 0.28-a0-932-g843f935a50 (webtiles) character file.

Game seed: 11950979566624313496

2529 ders the Geomancer (level 9, -11/45 HPs)
             Began as a Gargoyle Earth Elementalist on Nov 27, 2021.
             Was a Follower of Vehumet.
             Mangled by Harold (20 damage)
             ... on level 8 of the Dungeon.
             The game lasted 00:08:02 (6976 turns).

ders the Geomancer (Gargoyle Earth Elementalist)    Turns: 6976, Time: 00:08:03

Health: -11/45     AC:  8    Str: 12    XL:     9   Next: 54%
Magic:  3/19       EV: 11    Int: 19    God:    Vehumet [*.....]
Gold:   240        SH:  0    Dex: 10    Spells: 17/21 levels left

rFire   . . .      SeeInvis .   m - +2 dagger (venom)
rCold   . . .      Faith    .   (no shield)
rNeg    + . .      Spirit   .   b - +0 robe
rPois   ∞          Reflect  .   (no helmet)
rElec   +          Harm     .   (no cloak)
rCorr   .          Rampage  .   (no gloves)
Will    .....                   (no boots)
Stlth   ++........              (no amulet)
HPRegen 0.15/turn               (no ring)
MPRegen 0.16/turn               (no ring)

@: no status effects
A: sickness immunity, AC +6, negative energy resistance 1, electricity
resistance, torment resistance 1, petrification resistance
a: Renounce Religion


You were on level 8 of the Dungeon.
You worshipped Vehumet.
Vehumet was aware of your devotion.
You visited 2 branches of the dungeon, and saw 9 of its levels.

You collected 240 gold pieces.

Inventory:

Hand Weapons
 m - a +2 dagger of venom (weapon)
Missiles
 c - 146 stones
 l - 5 silver javelins
Armour
 b - a +0 robe (worn)
Jewellery
 i - an amulet of the acrobat
Wands
 o - a wand of polymorph (6)
Scrolls
 a - a scroll of blinking
 d - 2 scrolls of teleportation
 g - 2 scrolls of amnesia
 h - 2 scrolls of enchant armour {unknown}
 j - a scroll of fear
 n - a scroll of identify
Potions
 e - 2 potions of curing
 f - a potion of attraction
 k - a potion of invisibility {unknown}


   Skills:
 - Level 1.5 Dodging
 - Level 2.1 Stealth
 + Level 6.9 Spellcasting
 + Level 7.9 Conjurations
 - Level 0.7 Transmutations
 + Level 9.5 Earth Magic


You had 17 spell levels left.
You knew the following spells:

 Your Spells              Type           Power      Damage    Failure   Level
a - Sandblast             Erth           84%        2d18      1%          1
b - Stone Arrow           Conj/Erth      78%        3d11      1%          3

Your spell library contained the following spells:

 Spells                   Type           Power      Damage    Failure   Level
 Shock                    Conj/Air       84%        1d8       1%          1
 Passwall                 Tmut/Erth      21%        N/A       1%          2
 Summon Small Mammal      Summ           24%        N/A       11%         1
 Petrify                  Tmut/Erth      26%        N/A       12%         4
 Call Canine Familiar     Summ           6%         N/A       30%         3
 Summon Guardian Golem    Hex/Summ       6%         N/A       30%         3


Dungeon Overview and Level Annotations

Branches:
Dungeon (9/15)             Temple (1/1) D:4
   Lair: D:8-11         Orc: D:9-12

Altars:
Ashenzari
Cheibriados
Dithmenos
Elyvilon
Fedhas
Gozag
Hepliaklqana
Kikubaaqudgha
Makhleb
Nemelex Xobeh
Okawaru
Qazlal
Ru
Sif Muna
Trog
Uskayaw
Vehumet
Wu Jian
Xom
Yredelemnul
Zin
The Shining One

Annotations:
D:8 Harold


Innate Abilities, Weirdness & Mutations

You are immune to sickness and miasma.
Your stone body is resilient. (AC +6)
You are immune to poison.
You resist negative energy. (rN+)
You are resistant to electric shocks. (rElec)
You are resistant to unholy torment.
You are immune to petrification.


Message History

Unknown command.
Casting: Stone Arrow (safe; 1% risk of failure)
Confirm with . or Enter, or press ? or * to list all spells.
Aiming: Stone Arrow (safe; 1% risk of failure)
Press: ? - help, Shift-Dir - straight line, f/p - Harold
Aim: Harold, wielding a +1 vampiric halberd, wearing a +0 chain mail and quivering 2 throwing nets (lightly wounded, 88% to hit)
The stone arrow hits Harold!
Harold is moderately wounded.
Harold hits you from afar with a +1 vampiric halberd!!
Unknown command.
Casting: Stone Arrow (safe; 1% risk of failure)
Confirm with . or Enter, or press ? or * to list all spells.
Aiming: Stone Arrow (safe; 1% risk of failure)
Press: ? - help, Shift-Dir - straight line, f/p - Harold
Aim: Harold, wielding a +1 vampiric halberd, wearing a +0 chain mail and quivering 2 throwing nets (moderately wounded, 88% to hit)
The stone arrow hits Harold!
Harold is heavily wounded.
Harold barely misses you.
Unknown command.
Casting: Stone Arrow (safe; 1% risk of failure)
Confirm with . or Enter, or press ? or * to list all spells.
Aiming: Stone Arrow (safe; 1% risk of failure)
Press: ? - help, Shift-Dir - straight line, f/p - Harold
Aim: Harold, wielding a +1 vampiric halberd, wearing a +0 chain mail and quivering 2 throwing nets (heavily wounded, 88% to hit)
The stone arrow hits Harold!!
Harold is severely wounded.
Harold fires a harpoon shot at you. The harpoon shot hits you!!
* * * LOW HITPOINT WARNING * * *
You are yanked forward by the harpoon shot.
Unknown command.
Casting: Stone Arrow (safe; 1% risk of failure)
Confirm with . or Enter, or press ? or * to list all spells.
Aiming: Sandblast (safe; 1% risk of failure)
Press: ? - help, Shift-Dir - straight line, f/p - Harold
Aim: Harold, wielding a +1 vampiric halberd, wearing a +0 chain mail and quivering 2 throwing nets (severely wounded, 92% to hit)
The blast of sand hits Harold but does no damage.
Harold is severely wounded.
Harold hits you with a +1 vampiric halberd!!
You die...

.#..# #######.#.#####
.#..#
######(..###....#
#...#
#......##.#.###.#
.#..###.########.##
.#.......# #.#
.#.###...# #.# ...#
#(#..# #.# #..# #...>#
#(# ..## ###..# #@#
)## .......@.....#
.########.######.?##.#
........... ....
.######## ## ..... .#
#....#. .# #.#.##.# ##
#. ## #


You could see Harold.

Vanquished Creatures
  Sigmund (D:2)
  Menkaure (D:4)
  Edmund (D:4)
  2 water moccasins
  Duvessa (D:6)
  2 black bears
  An ice beast (D:6)
  An ogre (D:6)
  2 centaurs (D:9)
  3 kobold brigands
  A wyvern zombie (D:9)
  2 scorpions
  Dowan (D:6)
  2 water moccasin zombies
  5 killer bees (D:8)
  4 hounds
  An orc priest (D:5)
  3 iguanas
  2 orc wizards
  Natasha (twice) (D:3)
  A hound skeleton (D:5)
  A howler monkey zombie (D:8)
  4 adders
  A shadow imp (D:6)
  A white imp (D:6)
  3 ufetubi
  A dart slug (D:3)
  17 orcs
  4 bats
  4 endoplasms
  3 giant cockroaches
  10 hobgoblins
  A quokka (D:2)
  3 ball pythons
  A frilled lizard (D:2)
  5 goblins
  17 kobolds
  A quokka skeleton (D:4)
  3 rats
119 creatures vanquished.

Vanquished Creatures (collateral kills)
  A jelly (D:6)
1 creature vanquished.

Vanquished Creatures (others)
  9 plants (D:5)
9 creatures vanquished.

Grand Total: 129 creatures vanquished

Notes
Turn   | Place    | Note
-------+----------+-------------------------------------------
     0 | D:1      | ders the Gargoyle Earth Elementalist began the quest for
                  | the Orb.
     0 | D:1      | Reached XP level 1. HP: 10/10 MP: 3/3
   183 | D:1      | Reached XP level 2. HP: 15/15 MP: 3/5
   215 | D:1      | Reached skill level 1 in Conjurations
   550 | D:2      | Reached skill level 4 in Earth Magic
   615 | D:2      | Noticed Sigmund
   650 | D:2      | Killed Sigmund
   651 | D:2      | Reached skill level 5 in Earth Magic
   651 | D:2      | Reached XP level 3. HP: 5/19 MP: 2/7
   651 | D:2      | Reached XP level 4. HP: 6/24 MP: 2/8
   651 | D:2      | Reached XP level 5. HP: 7/28 MP: 2/9
  1062 | D:2      | Found a sacrificial altar of Ru.
  1873 | D:3      | Noticed a water moccasin
  1880 | D:3      | Killed a water moccasin
  1881 | D:3      | Reached XP level 6. HP: 30/32 MP: 5/11
  1930 | D:3      | Learned a level 3 spell: Stone Arrow
  2077 | D:3      | Noticed Natasha
  2079 | D:3      | Killed Natasha
  2277 | D:3      | Reached skill level 6 in Earth Magic
  2308 | D:3      | Reached XP level 7. HP: 36/36 MP: 7/13
  2590 | D:3      | Noticed Natasha
  2601 | D:3      | Killed Natasha
  3223 | D:4      | Noticed Menkaure
  3235 | D:4      | Killed Menkaure
  3236 | D:4      | Reached skill level 5 in Conjurations
  3566 | D:4      | Reached skill level 7 in Earth Magic
  3633 | D:4      | Noticed Edmund
  3637 | D:4      | Killed Edmund
  3638 | D:4      | Reached skill level 5 in Spellcasting
  3638 | D:4      | Reached XP level 8. HP: 41/41 MP: 5/15
  3755 | D:4      | Found a staircase to the Ecumenical Temple.
  3775 | Temple   | Entered the Ecumenical Temple
  4000 | Temple   | Became a worshipper of Vehumet
  4630 | D:5      | Entered Level 5 of the Dungeon
  4775 | D:5      | Found a sacrificial altar of Ru.
  4776 | D:5      | Found a snail-covered altar of Cheibriados.
  4781 | D:5      | Found a hide-covered altar of Uskayaw.
  4784 | D:5      | Found an ancient bone altar of Kikubaaqudgha.
  4790 | D:5      | Found a bloodstained altar of Trog.
  4995 | D:5      | Found a glowing golden altar of the Shining One.
  4999 | D:5      | Found an iron altar of Okawaru.
  5003 | D:5      | Found an ornate altar of the Wu Jian Council.
  5362 | D:5      | Found a blossoming altar of Fedhas.
  5492 | D:6      | Reached skill level 8 in Earth Magic
  5722 | D:6      | Reached * piety under Vehumet
  5722 | D:6      | Offered knowledge of Shock by Vehumet.
  5735 | D:6      | Reached XP level 9. HP: 37/45 MP: 0/18
  6160 | D:6      | Noticed Duvessa
  6163 | D:6      | Noticed Dowan
  6167 | D:6      | Killed Duvessa
  6169 | D:6      | Killed Dowan
  6560 | D:9      | Noticed a two-headed ogre
  6596 | D:9      | Reached skill level 9 in Earth Magic
  6971 | D:8      | Noticed Harold
  6976 | D:8      | Mangled by Harold

Illustrated notes

Levels and vault maps discovered:
D:1:      scummos_arrival_checkerplants, layout_rooms
D:2:      layout_basic, basic_altar, uniq_sigmund
D:3:      cheibrodos_thug_alley, layout_loops_ring, uniq_natasha
D:4:      layout_loops_corners, minmay_temple_entry_tees, minmay_diced_spiral,
          uniq_edmund, uniq_menkaure
D:5:      layout_basic, fedhas_altar_decomposition,
          nicolae_overflow_hallway_of_the_gods
D:6:      layout_cave_pods, uniq_duvessa
D:8:      layout_loops_ring, uniq_harold
D:9:      layout_rooms, grunt_ministairs_6
Temple:   nicolae_temple_figure_eight

Skill      XL: |  1  2  3  4  5  6  7  8  9 |
---------------+----------------------------+-----
Conjurations   | 3 4 5 6 7 |  7.9
Earth Magic    | 5 6 7 8 9 |  9.5
Spellcasting   | 3 4 5 6 |  6.9
Dodging        | |  1.5
Stealth        | |  2.1
Transmutations | |  0.7

Action                   |  1- 3 |  4- 6 |  7- 9 || total
-------------------------+-------+-------+-------++-------
Melee: Unarmed           |     2 |    14 |    21 ||    37
       Dagger            |       |       |     3 ||     3
 Cast: Sandblast         |    27 |    48 |    57 ||   132
       Stone Arrow       |       |     6 |    85 ||    91
  Use: Scroll            |       |       |    12 ||    12
       Potion            |       |       |     1 ||     1
Armor: Robe              |     3 |     6 |    32 ||    41
Dodge: Dodged            |    10 |    15 |    49 ||    74

Table legend: (Time is in decaauts)
 A = Elapsed time spent in this place.
 B = Non-inter-level travel time spent in this place.
 C = Inter-level travel time spent in this place.
 D = Time resting spent in this place.
 E = Time spent auto-exploring this place.
 F = Levels seen in this place.
 G = Mean time per level.
                   A        B        C        D        E       F      G
               +--------+--------+--------+--------+--------+-----+--------+
         Total |   6981 |   6752 |    229 |   1295 |   4651 |   9 |  775.7 |
       Dungeon |   6736 |   6547 |    189 |   1295 |   4448 |   8 |  842.0 |
        Temple |    245 |    205 |     40 |      0 |    203 |   1 |  245.0 |
               +--------+--------+--------+--------+--------+-----+--------+

Top non-repeatable levels by time:
     D:4: 1481 daAuts
     D:3: 1365 daAuts
     D:6: 1148 daAuts
     D:2: 1037 daAuts
     D:5: 780 daAuts
     D:1: 507 daAuts
     D:8: 347 daAuts
  Temple: 245 daAuts
     D:9: 67 daAuts
